NWL (28 & UNDER)
MOOSE JAW GHOSTBUSTERS @ CASPER GHOSTS
07/20/2029
 
TOP OF THE 1ST
Moose Jaw Ghostbusters batting - Pitching for Casper Ghosts : RHP Arthur Martínez
Pitching: RHP Arthur Martínez
Batting: RHB Jesús Velásquez 0-0: Foul Ball, location: 2F
0-1: Ball
1-1: Fly out, F9 (Line Drive, 89M)
Batting: LHB John Stone 0-0: Ground out 6-3 (Groundball, 6)
Batting: RHB Billy Mullins 0-0: Ball
1-0: Ball
2-0: Ball
3-0: Base on Balls
Batting: RHB Yasuhiko Sumita 0-0: Foul Ball, location: 2F
0-1: Ball
1-1: Ball
2-1: Foul Ball, location: 2F
2-2: Fly out, F6 (Popup, 6S)
Top of the 1st over - 0 runs, 0 hits, 0 errors, 1 left on base; Moose Jaw 0 - Casper 0
BOTTOM OF THE 1ST
Casper Ghosts batting - Pitching for Moose Jaw Ghostbusters : LHP Colton Elías
Pitching: LHP Colton Elías
Batting: RHB Troy Reed 0-0: Ball
1-0: Foul Ball, location: 2F
1-1: Ball
2-1: Fly out, F9 (Flyball, 89M)
Batting: RHB Robert Acosta 0-0: Fly out, F5 (Popup, 5SF)
Batting: RHB Paul Richard 0-0: Ball
1-0: Foul Ball, location: 2F
1-1: Fly out, F7 (Flyball, 7LD)
Bottom of the 1st over - 0 runs, 0 hits, 0 errors, 0 left on base; Moose Jaw 0 - Casper 0
TOP OF THE 2ND
Moose Jaw Ghostbusters batting - Pitching for Casper Ghosts : RHP Arthur Martínez
Batting: RHB Johnny MacNamara 0-0: Fly out, F7 (Flyball, 78S)
Batting: LHB Jon Rogers 0-0: Called Strike
0-1: Ball
1-1: Swinging Strike
1-2: Strikes out swinging
Batting: LHB Tony Beck 0-0: Ball
1-0: Swinging Strike
1-1: Swinging Strike
1-2: Strikes out swinging
Top of the 2nd over - 0 runs, 0 hits, 0 errors, 0 left on base; Moose Jaw 0 - Casper 0
BOTTOM OF THE 2ND
Casper Ghosts batting - Pitching for Moose Jaw Ghostbusters : LHP Colton Elías
Batting: RHB Mark Arnold 0-0: Called Strike
0-1: Ball
1-1: Ball
2-1: Swinging Strike
2-2: Strikes out looking
Batting: LHB Luis Rodríguez 0-0: Foul Ball, location: 2F
0-1: Ball
1-1: Ground out 4-3 (Groundball, 4)
Batting: RHB Hunter Plunket 0-0: Swinging Strike
0-1: Fly out, F8 (Flyball, 8LD)
Bottom of the 2nd over - 0 runs, 0 hits, 0 errors, 0 left on base; Moose Jaw 0 - Casper 0
TOP OF THE 3RD
Moose Jaw Ghostbusters batting - Pitching for Casper Ghosts : RHP Arthur Martínez
Batting: RHB Henry Barker 0-0: Called Strike
0-1: Ball
1-1: Ball
2-1: Foul Ball, location: 2F
2-2: Foul Ball, location: 2F
2-2: Strikes out swinging
Batting: SHB Michael Miller 0-0: Ground out 6-3 (Groundball, 6)
Batting: RHB Jesús Velásquez 0-0: Foul Ball, location: 2F
0-1: Called Strike
0-2: Strikes out looking
Top of the 3rd over - 0 runs, 0 hits, 0 errors, 0 left on base; Moose Jaw 0 - Casper 0
BOTTOM OF THE 3RD
Casper Ghosts batting - Pitching for Moose Jaw Ghostbusters : LHP Colton Elías
Batting: SHB José González 0-0: Fly out, F7 (Flyball, 7)
Batting: RHB Peter Bryant 0-0: Ball
1-0: Ball
2-0: Ball
3-0: Called Strike
3-1: Foul Ball, location: 2F
3-2: Foul Ball, location: 2F
3-2: Strikes out swinging
Batting: LHB Ronald Gordon 0-0: Called Strike
0-1: Ball
1-1: Ball
2-1: Foul Ball, location: 2F
2-2: Strikes out swinging
Bottom of the 3rd over - 0 runs, 0 hits, 0 errors, 0 left on base; Moose Jaw 0 - Casper 0
TOP OF THE 4TH
Moose Jaw Ghostbusters batting - Pitching for Casper Ghosts : RHP Arthur Martínez
Batting: LHB John Stone 0-0: Called Strike
0-1: Ball
1-1: Ball
2-1: Ball
3-1: DOUBLE (Groundball, 3L)
Batting: RHB Billy Mullins 0-0: Ball
1-0: Swinging Strike
1-1: Foul Ball, location: 2F
1-2: Ball
2-2: Strikes out swinging
Batting: RHB Yasuhiko Sumita 0-0: Called Strike
John Stone steals 3rd base
0-1: Ball
1-1: Called Strike
Balk!
John Stone scores
1-2: Ball
2-2: Ground out 6-3 (Groundball, 6)
Batting: RHB Johnny MacNamara 0-0: Swinging Strike
0-1: Ball
1-1: Reached on error, E5 (Groundball, 56)
Batting: LHB Jon Rogers 0-0: Called Strike
0-1: Foul Ball, location: 2F
0-2: Ball
1-2: Ball
2-2: SINGLE (Line Drive, 4D)
Johnny MacNamara to second
Runner from 2nd tries for 3rd, SAFE, no throw
Batting: LHB Tony Beck 0-0: Ball
1-0: Called Strike
1-1: Ball
2-1: Fly out, F8 (Flyball, 8RD)
Top of the 4th over - 1 run, 2 hits, 1 error, 2 left on base; Moose Jaw 1 - Casper 0
BOTTOM OF THE 4TH
Casper Ghosts batting - Pitching for Moose Jaw Ghostbusters : LHP Colton Elías
Batting: RHB Troy Reed 0-0: Ground out 6-3 (Groundball, 6S)
Batting: RHB Robert Acosta 0-0: Ball
1-0: Ball
2-0: Fly out, F6 (Line Drive, 6)
Batting: RHB Paul Richard 0-0: Ball
1-0: Fly out, F7 (Flyball, 7LD)
Bottom of the 4th over - 0 runs, 0 hits, 0 errors, 0 left on base; Moose Jaw 1 - Casper 0
TOP OF THE 5TH
Moose Jaw Ghostbusters batting - Pitching for Casper Ghosts : RHP Arthur Martínez
Batting: RHB Henry Barker 0-0: Called Strike
0-1: Foul Ball, location: 2F
0-2: DOUBLE (Line Drive, 9LS)
Batting: SHB Michael Miller 0-0: Ball
1-0: Foul Ball, location: 2F
1-1: Ball
2-1: Foul Ball, location: 2F
2-2: Strikes out swinging
Batting: RHB Jesús Velásquez 0-0: Called Strike
0-1: Ball
1-1: Ball
2-1: Foul Ball, location: 2F
2-2: SINGLE (Groundball, 6MD)
Henry Barker to third
Runner from 3rd tries for Home, SAFE, no throw
Batting: LHB John Stone 0-0: Called Strike
Jesús Velásquez steals 2nd base
0-1: Ball
1-1: Swinging Strike
1-2: Ground out 6-3 (Groundball, 6)
Jesús Velásquez to third
Batting: RHB Billy Mullins 0-0: Called Strike
0-1: Ball
1-1: Foul Ball, location: 2F
1-2: Ball
2-2: Ground out U3 (Groundball, 34S)
Top of the 5th over - 1 run, 2 hits, 0 errors, 1 left on base; Moose Jaw 2 - Casper 0
BOTTOM OF THE 5TH
Casper Ghosts batting - Pitching for Moose Jaw Ghostbusters : LHP Colton Elías
Batting: RHB Mark Arnold 0-0: Swinging Strike
0-1: Foul Ball, location: 2F
0-2: Strikes out swinging
Batting: LHB Luis Rodríguez 0-0: Ball
1-0: Swinging Strike
1-1: SINGLE (Flyball, 9LM)
Batting: RHB Hunter Plunket 0-0: SINGLE (Line Drive, 4MD)
Luis Rodríguez to second
Batting: SHB José González 0-0: Ball
1-0: Foul Ball, location: 2F
1-1: Called Strike
1-2: Grounds into double play, 6-4-3 (Groundball, 6)
Bottom of the 5th over - 0 runs, 2 hits, 0 errors, 1 left on base; Moose Jaw 2 - Casper 0
TOP OF THE 6TH
Moose Jaw Ghostbusters batting - Pitching for Casper Ghosts : RHP Arthur Martínez
Batting: RHB Yasuhiko Sumita 0-0: Called Strike
0-1: Called Strike
0-2: Strikes out swinging, 2-3 out at first.
Batting: RHB Johnny MacNamara 0-0: Reached on error, E6 (Groundball, 56D)
Batting: LHB Jon Rogers 0-0: Ball
Johnny MacNamara is caught stealing 2nd base
1-0: Ball
2-0: Called Strike
2-1: Foul Ball, location: 2F
2-2: SINGLE (Flyball, 9LM)
Batting: LHB Tony Beck 0-0: Ball
Jon Rogers steals 2nd base
1-0: SINGLE (Groundball, 34D)
Jon Rogers to third
Runner from 3rd tries for Home, SAFE, no throw
Batting: RHB Henry Barker 0-0: Ball
1-0: Foul Ball, location: 2F
1-1: Fielders Choice at 2nd, 5-4 (Groundball, 56)
Top of the 6th over - 1 run, 2 hits, 1 error, 1 left on base; Moose Jaw 3 - Casper 0
BOTTOM OF THE 6TH
Casper Ghosts batting - Pitching for Moose Jaw Ghostbusters : LHP Colton Elías
Batting: RHB Peter Bryant 0-0: Foul Ball, location: 2F
0-1: Ground out 6-3 (Groundball, 6)
Batting: LHB Ronald Gordon 0-0: Ball
1-0: Ball
2-0: Foul Ball, location: 2F
2-1: Foul Ball, location: 2F
2-2: Strikes out swinging
Batting: RHB Troy Reed 0-0: Foul Ball, location: 2F
0-1: Bunted foul
0-2: Ball
1-2: Ground out 6-3 (Groundball, 6)
Bottom of the 6th over - 0 runs, 0 hits, 0 errors, 0 left on base; Moose Jaw 3 - Casper 0
TOP OF THE 7TH
Moose Jaw Ghostbusters batting - Pitching for Casper Ghosts : RHP Arthur Martínez
Batting: SHB Michael Miller 0-0: Called Strike
0-1: Ball
1-1: Called Strike
1-2: Strikes out swinging
Batting: RHB Jesús Velásquez 0-0: Ball
1-0: Ball
2-0: Ball
3-0: Base on Balls
Batting: LHB John Stone 0-0: Ball
1-0: Foul Ball, location: 2F
1-1: Ball
2-1: Called Strike
2-2: Foul Ball, location: 2F
2-2: Foul Ball, location: 2F
2-2: Strikes out looking
Jesús Velásquez steals 2nd base
Batter strikes out.
Batting: RHB Billy Mullins 0-0: Ground out U3 (Groundball, 34S)
Top of the 7th over - 0 runs, 0 hits, 0 errors, 1 left on base; Moose Jaw 3 - Casper 0
BOTTOM OF THE 7TH
Casper Ghosts batting - Pitching for Moose Jaw Ghostbusters : LHP Colton Elías
Batting: RHB Robert Acosta 0-0: Ball
1-0: Ball
2-0: Ball
3-0: Called Strike
3-1: Foul Ball, location: 2F
3-2: Ground out 5-3 (Groundball, 5)
Batting: RHB Paul Richard 0-0: Called Strike
0-1: Ball
1-1: Called Strike
1-2: Foul Ball, location: 2F
1-2: Foul Ball, location: 2F
1-2: Foul Ball, location: 2F
1-2: Ball
2-2: Ball
3-2: Fly out, F7 (Flyball, 7)
Batting: RHB Mark Arnold 0-0: Foul Ball, location: 2F
0-1: Ball
1-1: Ball
2-1: Ball
3-1: Base on Balls
Batting: LHB Luis Rodríguez 0-0: Called Strike
0-1: Ball
1-1: Ball
2-1: Ball
3-1: Base on Balls
Mark Arnold to second
Batting: RHB Hunter Plunket 0-0: Ball
1-0: Ball
2-0: Ball
3-0: Base on Balls
Mark Arnold to third
Luis Rodríguez to second
Batting: SHB José González 0-0: Hit by Pitch
Mark Arnold scores
Luis Rodríguez to third
Hunter Plunket to second
Batting: RHB Peter Bryant 0-0: Ball
1-0: Ball
2-0: Ball
3-0: Called Strike
3-1: Swinging Strike
3-2: Foul Ball, location: 2F
3-2: Strikes out swinging
Bottom of the 7th over - 1 run, 0 hits, 0 errors, 3 left on base; Moose Jaw 3 - Casper 1
TOP OF THE 8TH
Moose Jaw Ghostbusters batting - Pitching for Casper Ghosts : RHP Arthur Martínez
Pitching: RHP Valentín Mejía
Batting: RHB Yasuhiko Sumita 0-0: DOUBLE (Flyball, 89D)
Batting: RHB Johnny MacNamara 0-0: Called Strike
0-1: Fly out, F7 (Flyball, 7S)
Batting: LHB Jon Rogers 0-0: Called Strike
0-1: Ball
1-1: Foul Ball, location: 2F
1-2: Ball
2-2: SINGLE (Line Drive, 34D)
Yasuhiko Sumita to third
Batting: LHB Tony Beck 0-0: Swinging Strike
0-1: Fly out, F3 (Popup, 3F)
Batting: RHB Henry Barker 0-0: Ball
1-0: Foul Ball, location: 2F
1-1: Ground out 6-3 (Groundball, 6S)
Top of the 8th over - 0 runs, 2 hits, 0 errors, 2 left on base; Moose Jaw 3 - Casper 1
BOTTOM OF THE 8TH
Casper Ghosts batting - Pitching for Moose Jaw Ghostbusters : LHP Colton Elías
Pitching: RHP José Orozco
Batting: LHB Ronald Gordon 0-0: Foul Ball, location: 2F
0-1: Fly out, F7 (Flyball, 78S)
Batting: RHB Troy Reed 0-0: Foul Ball, location: 2F
0-1: Ball
1-1: Fly out, F9 (Flyball, 9LS)
Batting: RHB Robert Acosta 0-0: Called Strike
0-1: Ball
1-1: SINGLE (Groundball, 56D)
Batting: RHB Paul Richard 0-0: Ball
1-0: Fielders Choice at 2nd, 5-4 (Groundball, 56)
Bottom of the 8th over - 0 runs, 1 hit, 0 errors, 1 left on base; Moose Jaw 3 - Casper 1
TOP OF THE 9TH
Moose Jaw Ghostbusters batting - Pitching for Casper Ghosts : RHP Valentín Mejía
Pitching: RHP Pablo Lima
Batting: SHB Michael Miller 0-0: Ball
1-0: Ball
2-0: Ball
3-0: Called Strike
3-1: Foul Ball, location: 2F
3-2: Base on Balls
Batting: RHB Jesús Velásquez 0-0: Ball
1-0: Bunt - Flyout! F1
Batting: LHB John Stone 0-0: Ball
1-0: Ball
2-0: Fly out, F5 (Popup, 5SF)
Batting: RHB Billy Mullins 0-0: Ball
1-0: Ball
2-0: Ball
3-0: Called Strike
3-1: Base on Balls
Michael Miller to second
Batting: RHB Yasuhiko Sumita 0-0: Ball
Michael Miller steals 3rd base
1-0: SINGLE (Groundball, 34D)
Michael Miller scores
Billy Mullins to second
Runner from 2nd tries for 3rd, SAFE, no throw
Batting: RHB Johnny MacNamara 0-0: Foul Ball, location: 2F
0-1: Ball
1-1: Ball
2-1: Foul Ball, location: 2F
2-2: Ball
3-2: Strikes out looking
Top of the 9th over - 1 run, 1 hit, 0 errors, 2 left on base; Moose Jaw 4 - Casper 1
BOTTOM OF THE 9TH
Casper Ghosts batting - Pitching for Moose Jaw Ghostbusters : RHP José Orozco
Pitching: RHP Pancho Hernández
Batting: RHB Mark Arnold 0-0: Ball
1-0: Fly out, F4 (Flyball, 4MD)
Batting: LHB Luis Rodríguez 0-0: Ball
1-0: Ball
2-0: Called Strike
2-1: Foul Ball, location: 2F
2-2: Foul Ball, location: 2F
2-2: Ground out 5-3 (Groundball, 5)
Batting: RHB Hunter Plunket 0-0: Called Strike
0-1: Ball
1-1: Ball
2-1: Swinging Strike
2-2: Ground out 3-1 (Groundball, 34S)
Bottom of the 9th over - 0 runs, 0 hits, 0 errors, 0 left on base; Moose Jaw 4 - Casper 1
Saturday, December 16th, 2017 - OOTP Baseball 18.8 Build 76